 Dungeon Crawl Stone Soup version 0.30-a0-122-g2a1322497e (webtiles) character file.

Game seed: 15670660146276618882

532 NinjaNoafa the Stinger (level 7, -3/50 HPs)
             Began as a Red Draconian Venom Mage on Sept 15, 2022.
             Was a Believer of Sif Muna.
             Slain by Duvessa
             ... wielding a +0 short sword
              (6 damage)
             ... on level 4 of the Dungeon on Sept 16, 2022.
             The game lasted 00:09:19 (4869 turns).

NinjaNoafa the Stinger (Red Draconian Venom Mage)   Turns: 4869, Time: 00:09:20

Health: -3/50      AC: 16    Str: 10    XL:     7   Next: 3%
Magic:  4/11       EV: 12    Int: 18    God:    Sif Muna [**....]
Gold:   210        SH:  5    Dex: 11    Spells: 9/12 levels left

rFire   + . .      SeeInvis .    g - +0 rapier (protect)
rCold   . . .      Faith    .    (no shield)
rNeg    . . .      Spirit   .    (body armour unavailable)
rPois   .          Reflect  +    (helmet restricted)
rElec   .          Harm     .    a - scarf {shadows}
rCorr   .          Rampage  .    (no gloves)
Will    .....                    s - +2 pair of boots
Stlth   +.........               e - amulet of reflection
HPRegen 0.16/turn                o - ring of wizardry
MPRegen 0.12/turn                (no ring)

@: short of breath, silenced, under a protective aura
A: breathe fire, AC +6, unfitting armour, fire resistance 1, cold-blooded
a: Breathe Fire, Renounce Religion


You were on level 4 of the Dungeon.
You worshipped Sif Muna.
Sif Muna was pleased with you.
You visited 1 branch of the dungeon, and saw 4 of its levels.

You collected 210 gold pieces.

Inventory:

Hand Weapons
 g - a +0 rapier of protection (weapon)
Missiles
 b - 32 stones
 h - 12 poisoned darts
Armour
 a - a scarf of shadows (worn)
 s - a +2 pair of boots (worn)
Jewellery
 e - an amulet of reflection (around neck)
 o - a ring of wizardry (left hand)
Scrolls
 j - a scroll of amnesia
 n - a scroll of noise
 r - a scroll of vulnerability {unknown}
Potions
 i - a potion of flight


   Skills:
 - Level 1.7 Dodging
 - Level 1.7 Stealth
 - Level 3.0 Spellcasting
 - Level 3.0 Transmutations
 - Level 3.0 Air Magic
 + Level 6.2 Poison Magic


You had 9 spell levels left.
You knew the following spells:

 Your Spells              Type           Power      Damage    Failure   Level
a - Sting                 Tmut/Pois      76%        1d6       1%          1
b - Poisonous Vapours     Pois/Air       38%        N/A       1%          2

Your spell library contained the following spells:

 Spells                   Type           Power      Damage    Failure   Level
 Olgreb's Toxic Radiance  Pois           25%        N/A       5%          4
 Mephitic Cloud           Conj/Pois/Air  13%        N/A       6%          3


Dungeon Overview and Level Annotations

Branches:
Dungeon (4/15)
 Temple: D:4-7

Altars:
Sif Muna

Shops:
D:2 (

Annotations:
D:4 3 runed translucent doors, Duvessa; jlumianski's ghost, amateur DsGl


Innate Abilities, Weirdness & Mutations

You can breathe blasts of fire.
Your fiery red scales are hard. (AC +6)
You cannot fit into any form of body armour.
Your flesh is heat resistant. (rF+)
You are cold-blooded and may be slowed by cold attacks.


Message History

Blink to where?
Press: ? - help, Dir - move target, p - Duvessa
As you read the scroll labelled VENGIG XAJEO, it crumbles to dust.
It was a scroll of blinking.
Really read the scroll of poison?
The air fills with toxic fumes!
As you read the scroll of poison, it crumbles to dust.
Duvessa rages.
Casting: Sting (safe; 1% risk of failure)
Confirm with . or Enter, or press ? or * to list all spells.
Aiming: Sting (safe; 1% risk of failure)
Press: ? - help, Shift-Dir - straight line, f - Duvessa
Aim: Duvessa, wielding a +0 short sword and wearing a +0 leather armour (poison gas, moderately wounded, berserk, poisoned, 77% to hit)
The sting hits Duvessa but does no damage.
Duvessa looks even sicker.
Duvessa is moderately wounded.
Duvessa is engulfed in poison gas.
Duvessa looks even sicker.
Duvessa is engulfed in poison gas.
Duvessa looks as sick as possible!
Casting: Sting (safe; 1% risk of failure)
Confirm with . or Enter, or press ? or * to list all spells.
Aiming: Sting (safe; 1% risk of failure)
Press: ? - help, Shift-Dir - straight line, f/p - Duvessa
Aim: Duvessa, wielding a +0 short sword and wearing a +0 leather armour (poison gas, heavily wounded, berserk, extremely poisoned, 77% to hit)
The sting hits Duvessa.
Duvessa looks as sick as possible!
Duvessa is heavily wounded.
Duvessa looks as sick as possible!
Duvessa closely misses you.
You hit Duvessa but do no damage.
Your weapon exudes an aura of protection.
Duvessa is heavily wounded.
Duvessa looks as sick as possible!
Duvessa hits you but does no damage.
Duvessa is engulfed in poison gas.
Duvessa looks as sick as possible!
Duvessa hits you with a +0 short sword!
* * * LOW HITPOINT WARNING * * *
Okay, then.
As you read the scroll labelled UJISHR QOITT, it crumbles to dust.
A profound silence engulfs you.
It was a scroll of silence.
Duvessa is engulfed in poison gas.
Duvessa looks as sick as possible!
Duvessa closely misses you.
Duvessa is engulfed in poison gas.
Duvessa looks as sick as possible!
Duvessa hits you with a +0 short sword.
You die...

#...##....##.....'...#...>...#...
#.........##§§..###..##.#######..
#...))....###§#####..##<##...##..
....[.......§§§§§§#..........##..
#...###...##§§§§§§#..............
#>..###...##§§§§§§+..........>...
......'...§§§§§§§§#..............
......#...§§§§§§e§#..............
####..#...§§§§§§@§#..............
...####...##+######..##########..
..W ####'###...####..## #.. (..
#.................# .. ..♣
#.................# ...
#.................# .(.
#.................# .(.
#.................#
############...##...##########


You could see Duvessa (berserk, extremely poisoned).

Vanquished Creatures
  An ogre (D:4)
  A phantom (D:4)
  Dowan (D:4)
  A hound (D:4)
  A jelly (D:4)
  An iguana (D:3)
  2 orc wizards (D:4)
  3 gnolls (D:4)
  9 adders
  5 worms (D:3)
  3 dart slugs
  4 orcs
  5 bats
  3 endoplasms
  A giant cockroach (D:4)
  6 goblins
  5 hobgoblins
  3 kobolds
  7 quokkas
  9 ball pythons
  5 frilled lizards
  8 rats
84 creatures vanquished.

Vanquished Creatures (others)
  9 plants (D:1)
9 creatures vanquished.

Grand Total: 93 creatures vanquished

Notes
Turn   | Place    | Note
-------+----------+-------------------------------------------
     0 | D:1      | NinjaNoafa the Draconian Venom Mage began the quest for the
                  | Orb.
     0 | D:1      | Reached XP level 1. HP: 14/14 MP: 3/3
   248 | D:1      | Reached XP level 2. HP: 20/20 MP: 0/5
   997 | D:2      | Reached XP level 3. HP: 23/26 MP: 2/6
  1135 | D:2      | Found a shimmering blue altar of Sif Muna.
  1158 | D:2      | Became a worshipper of Sif Muna the Loreminder
  1388 | D:2      | Reached skill level 4 in Poison Magic
  1478 | D:2      | Found Zuocsak's Antique Weapon Emporium.
  1536 | D:2      | Found a faded altar of an unknown god.
  1938 | D:2      | Reached XP level 4. HP: 29/33 MP: 1/7
  2357 | D:3      | Reached * piety under Sif Muna
  2376 | D:3      | Reached skill level 5 in Poison Magic
  2376 | D:3      | Reached XP level 5. HP: 5/38 MP: 2/8
  3608 | D:4      | Reached skill level 1 in Air Magic
  3632 | D:4      | Reached XP level 6. HP: 10/45 MP: 0/10
  3970 | D:4      | Learned a level 2 spell: Poisonous Vapours
  4024 | D:4      | Found a runed translucent gate.
  4024 | D:4      | Found a runed translucent gate.
  4024 | D:4      | Found a runed translucent gate.
  4043 | D:4      | Noticed jlumianski's ghost (amateur DsGl)
  4373 | D:4      | Reached ** piety under Sif Muna
  4374 | D:4      | Reached skill level 6 in Poison Magic
  4570 | D:4      | Noticed Dowan
  4572 | D:4      | Noticed Duvessa
  4586 | D:4      | Killed Dowan
  4587 | D:4      | Your scales start taking on a fiery red colour.
  4587 | D:4      | Reached XP level 7. HP: 9/50 MP: 9/11
  4587 | D:4      | Gained mutation: Your flesh is heat resistant. (rF+) [Red
                  | Draconian growth]
  4869 | D:4      | Slain by Duvessa

Illustrated notes

Levels and vault maps discovered:
D:1:      minmay_arrival_wavy_path, layout_rooms, serial_forest,
          infiniplex_forest_straight_4, infiniplex_forest_clump_curved,
          infiniplex_forest_straight_3, infiniplex_forest_straight_3,
          infiniplex_forest_clump_long
D:2:      layout_loops_cross, basic_altar, ebering_ecumenical_altar_sacrificial,
          serial_shops, nicolae_square_shop
D:3:      layout_rooms, corexii_hall_statues_s, nicolae_kite_square_tiling_tiny,
          minmay_misc_feat_square, nicolae_wormholes
D:4:      layout_gridville, ebering_ghost_rock_garden, chequers_jeans,
          uniq_duvessa

Skill      XL: |  1  2  3  4  5  6 |
---------------+-------------------+-----
Transmutations | 2 3 |  3.0
Poison Magic   | 4 5 6 |  6.2
Spellcasting   | 3 |  3.0
Air Magic      | 2 3 |  3.0
Dodging        | |  1.7
Stealth        | |  1.7

Action                   |  1- 3 |  4- 6 |  7- 9 || total
-------------------------+-------+-------+-------++-------
Melee: Unarmed           |    20 |       |       ||    20
       Rapier            |    26 |    94 |     1 ||   121
       Tailslap          |     6 |    15 |       ||    21
       Punch             |       |     1 |       ||     1
 Cast: Sting             |    63 |   107 |     4 ||   174
       Poisonous Vapours |       |       |     2 ||     2
 Abil: Breathe Fire      |       |       |     1 ||     1
  Use: Potion            |       |     8 |       ||     8
       Scroll            |       |     9 |     5 ||    14
 Stab: Sleeping          |       |     1 |       ||     1
Armor: Skin              |    27 |    78 |     1 ||   106
Dodge: Dodged            |    56 |    93 |     6 ||   155
Block: Other             |    27 |    37 |     1 ||    65
       Reflection        |     3 |       |       ||     3

Table legend: (Time is in decaauts)
 A = Elapsed time spent in this place.
 B = Non-inter-level travel time spent in this place.
 C = Inter-level travel time spent in this place.
 D = Time resting spent in this place.
 E = Time spent auto-exploring this place.
 F = Levels seen in this place.
 G = Mean time per level.
                   A        B        C        D        E       F      G
               +--------+--------+--------+--------+--------+-----+--------+
         Total |   4895 |   4756 |    139 |      0 |   3893 |   4 | 1223.8 |
       Dungeon |   4895 |   4756 |    139 |      0 |   3893 |   4 | 1223.8 |
               +--------+--------+--------+--------+--------+-----+--------+

Top non-repeatable levels by time:
     D:4: 1725 daAuts
     D:3: 1174 daAuts
     D:2: 1040 daAuts
     D:1: 954 daAuts
